Map: Catalyst LE

Players

ShoWTimE - Winner!

  • Race: Protoss Protoss
  • Spawn Location: 11:00

Reempi

  • Race: Protoss Protoss
  • Spawn Location: 5:00

Event: WCS Leipzig 2018

VOD

Have the link to the VOD?

Description

Time

  • Played on: Jan. 26, 2018, 6:30 a.m.
  • Length: 8:12

All games in this series

Show
View Real Time Build Order
Export as new Build Order

ShoWTimE Protoss - Winner!

Build Orders: Oracle Opening, Phoenix Opening 

Get SALT Encoding   

  12  0:00  Probe  
  13  0:12  Probe  
  14  0:17  Pylon  
  14  0:24  Probe (Chrono Boost)  
  15  0:36  Probe (Chrono Boost)  
  15  0:39  Gateway  
  16  0:45  Probe (Chrono Boost)  
  16  0:46  Assimilator  
  17  0:51  Probe (Chrono Boost)  
  17  0:55  Assimilator  
  18  1:03  Probe (Chrono Boost)  
  19  1:09  Gateway  
  19  1:12  Probe (Chrono Boost)  
  20  1:18  Probe  
  21  1:26  Cybernetics Core  
  21  1:30  Probe  
  22  1:36  Pylon  
  22  1:42  Probe  
  23  1:54  Probe  
  24  2:03  Stalker, Sentry  
  24  2:04  Warp Gate  
  28  2:13  Pylon  
  28  2:33  Stargate  
  28  2:45  Nexus  
  28  2:48  Stalker  
  30  2:57  Stalker  
  32  3:09  Shield Battery  
  32  3:16  Oracle (Chrono Boost)  
  32  3:18  Phoenix (Chrono Boost)  
  35  3:24  Probe  
  35  3:27  Pylon  
  35  3:39  Probe  
  36  3:44  Oracle (Chrono Boost)  
  39  3:51  Probe  
  40  3:57  Probe  
  41  4:03  Probe  
  41  4:04  Shield Battery  
  41  4:08  Stalker  
  45  4:10  Probe, Stalker  
  45  4:16  Probe  
  48  4:22  Probe  
  48  4:23  Pylon  
  49  4:29  Probe (Chrono Boost)  
  50  4:33  Stalker  
  50  4:36  Probe (Chrono Boost)  
  53  4:41  Probe (Chrono Boost)  
  53  4:45  Stalker  
  57  4:48  Probe (Chrono Boost)  
  57  4:51  Robotics Facility  
  57  4:53  Probe  
  57  4:55  Probe  
  59  5:05  Probe  
  60  5:07  Probe  
  60  5:10  Stalker x2  
  62  5:16  Pylon  
  62  5:17  Probe  
  62  5:19  Probe  
  64  5:28  Gateway  
  64  5:29  Probe  
  64  5:31  Gateway  
  65  5:39  Observer (Chrono Boost)  
  65  5:41  Twilight Council  
  65  5:42  Probe x2  
  68  5:44  Assimilator  
  68  5:47  Assimilator  
  68  5:53  Pylon  
  68  5:55  Stalker x2  
  72  6:00  Probe  
  72  6:01  Phoenix  
  73  6:09  Immortal (Chrono Boost)  
  77  6:22  Forge  
  77  6:25  Gateway x2  
  77  6:26  Blink (Chrono Boost)  
  77  6:28  Pylon  
  77  6:43  Immortal  
  81  6:48  Pylon  
  81  6:51  Stalker  
  81  6:52  Stalker  
  81  6:53  Pylon  
  85  7:06  Nexus  
  85  7:09  Stalker  
  85  7:14  Stalker  
  89  7:17  Probe  
  89  7:18  Probe  
  91  7:23  Stalker  
  91  7:24  Stalker  
  91  7:26  Observer  
  96  7:38  Stalker x3  
  96  7:40  Probe  
  103  7:45  Probe  
  94  7:52  Probe  
  93  8:00  Stalker x3  
  93  8:01  Stalker  
Show
View Real Time Build Order
Export as new Build Order

Reempi Protoss 

Build Orders:  

Get SALT Encoding   

  12  0:00  Probe  
  13  0:13  Probe  
  14  0:19  Pylon  
  14  0:25  Probe  
  15  0:37  Probe (Chrono Boost)  
  15  0:40  Gateway  
  16  0:49  Probe (Chrono Boost)  
  17  0:51  Assimilator  
  17  0:55  Probe (Chrono Boost)  
  18  1:01  Assimilator  
  18  1:03  Probe  
  19  1:15  Probe (Chrono Boost)  
  19  1:16  Gateway  
  20  1:27  Probe (Chrono Boost)  
  20  1:31  Cybernetics Core  
  21  1:39  Pylon  
  21  1:40  Probe  
  22  1:52  Probe  
  23  2:09  Pylon  
  23  2:11  Warp Gate (Chrono Boost)  
  23  2:16  Stalker x2  
  27  2:29  Robotics Facility  
  27  2:50  Stalker x2  
  30  3:12  Robotics Facility  
  30  3:14  Pylon  
  30  3:33  Stalker x2  
  34  3:41  Twilight Council  
  34  4:01  Immortal  
  38  4:07  Probe  
  36  4:22  Pylon  
  30  4:35  Probe (Chrono Boost)  
  31  4:44  Probe (Chrono Boost)  
  31  4:50  Blink  
  31  5:02  Shield Battery  
  31  5:19  Probe (Chrono Boost)  
  33  5:28  Probe (Chrono Boost)  
  33  5:31  Observer  
  33  5:33  Probe (Chrono Boost)  
  33  5:34  Stalker x2  
  39  5:51  Pylon  
  39  6:04  Probe  
  39  6:25  Probe  
  40  6:37  Probe  
  41  6:41  Nexus  
  40  7:03  Pylon  
  40  7:05  Pylon  
  40  7:09  Immortal (Chrono Boost)  
  40  7:10  Probe  
  45  7:22  Probe  
  46  7:34  Probe  
  43  7:42  Shield Battery  
  35  7:56  Stalker x2  
Tags
 
Add a new tag
Caveats
  • Supply blocks, unpowered buildings, or Contaminate may cause inaccurate times.
  • Supply counts are checked every 10 seconds.